 Dungeon Crawl Stone Soup version 0.30.1-9-gdf580d7c3d (webtiles) character file.

Game seed: 13879695506072429055

966 jagang the Slasher (level 8, -3/61 HPs)
             Began as a Human Hunter on Sept 29, 2023.
             Slain by Duvessa
             ... wielding a +0 short sword of holy wrath
              (4 damage)
             ... on level 5 of the Dungeon.
             The game lasted 00:12:09 (4219 turns).

jagang the Slasher (Human Hunter)                   Turns: 4219, Time: 00:12:10

Health: -3/61      AC:  5    Str: 18    XL:     8   Next: 38%
Magic:  0/8        EV: 19    Int:  6    God:
Gold:   221        SH:  0    Dex: 19    Spells: 7/7 levels left

rFire   . . .        A - +1 dagger "Idimoah" {heavy, Will++ rCorr Int-3 Stlth+}
rCold   . . .        (no shield)
rNeg    . . .        c - +0 leather armour
rPois   .            (no helmet)
rElec   .            (no cloak)
rCorr   +            n - +0 pair of gloves
SInv    .            v - +0 pair of boots
Will    ++...        f - amulet of guardian spirit
Stlth   +++          l - +5 ring of evasion
HPRegen 0.30/turn    m - +6 ring of strength
MPRegen 0.11/turn

%: guardian spirit
@: no status effects
A: no striking features
a: no special abilities


You were on level 5 of the Dungeon.
You visited 1 branch of the dungeon, and saw 5 of its levels.

You collected 221 gold pieces.

Inventory:

Hand Weapons
 a - a +0 shortbow
 w - a +0 falchion
 A - the +1 dagger "Idimoah" (weapon) {heavy, Will++ rCorr Int-3 Stlth+}
   (You found it on level 3 of the Dungeon)

   Int:       It affects your intelligence (-3).
   rCorr:     It protects you from acid and corrosion.
   Will:      It greatly increases your willpower.
   Stlth:     It makes you more stealthy.
Missiles
 h - 2 throwing nets
Armour
 c - a +0 leather armour (worn)
 n - a +0 pair of gloves (worn)
 v - a +0 pair of boots (worn)
Jewellery
 f - an amulet of guardian spirit (around neck)
 k - a ring of resist corrosion
 l - a +5 ring of evasion (left hand)
 m - a +6 ring of strength (right hand)
 o - a +6 ring of intelligence
Scrolls
 b - a scroll of immolation
 d - 2 scrolls of brand weapon
 e - 3 scrolls of vulnerability {unknown}
 p - 2 scrolls of fog
 q - a scroll of enchant weapon
 t - a scroll of magic mapping
 x - 2 scrolls of poison {unknown}
 y - 2 scrolls of teleportation {unknown}
 z - a scroll of noise {unknown}
Potions
 g - a potion of cancellation
 i - a potion of brilliance {unknown}
 r - a potion of berserk rage {unknown}
 s - a potion of lignification {unknown}
 u - a potion of curing
 B - a potion of flight {unknown}
 C - a potion of haste {unknown}
 D - a potion of degeneration {unknown}
 E - 2 potions of might {unknown}


   Skills:
 + Level 4.5 Fighting
 * Level 5.5 Long Blades
 - Level 4.0 Ranged Weapons
 + Level 3.7 Armour
 + Level 4.4 Dodging
 - Level 1.0 Stealth


You had 7 spell levels left.
You didn't know any spells.
Your spell library contained the following spells:

 Spells                   Type           Power      Damage    Failure   Level
 Frozen Ramparts          Ice            0%         1d1       87%         3
 Ozocubu's Armour         Ice            0%         N/A       87%         3
 Ice Form                 Ice/Tmut       0%         N/A       99%         4
 Petrify                  Tmut/Erth      0%         N/A       99%         4
 Summon Ice Beast         Ice/Summ       0%         N/A       99%         4
 Metabolic Englaciation   Hex/Ice        0%         N/A       100%        5
 Simulacrum               Ice/Necr       0%         N/A       100%        6
 Statue Form              Tmut/Erth      0%         N/A       100%        6


Dungeon Overview and Level Annotations

Branches:
Dungeon (5/15)
 Temple: D:4-7

Altars:

Annotations:
D:5 Duvessa


Message History

You hit Duvessa but do no damage.
Duvessa is lightly wounded.
Duvessa completely misses you. x2
Press: ? - help, v - describe, . - travel The floor.
You hit Duvessa but do no damage.
Duvessa is lightly wounded.
Duvessa hits you with a +0 short sword of holy wrath!!
* * * LOW HITPOINT WARNING * * *
You feel much better. Duvessa barely misses you. Duvessa closely misses you.
You hit Duvessa but do no damage.
Duvessa is lightly wounded.
Duvessa misses you.
Duvessa hits you with a +0 short sword of holy wrath.
You hit Duvessa.
Duvessa is moderately wounded.
Duvessa completely misses you.
Duvessa hits you with a +0 short sword of holy wrath.
* * * LOW HITPOINT WARNING * * *
You barely miss Duvessa.
Duvessa is moderately wounded.
Duvessa barely misses you. Duvessa completely misses you.
You hit Duvessa.
Duvessa is moderately wounded.
Duvessa hits you but does no damage.
Duvessa hits you with a +0 short sword of holy wrath.
* * * LOW HITPOINT WARNING * * *
You hit Duvessa.
Duvessa is heavily wounded.
Duvessa completely misses you. x2
You hit Duvessa but do no damage.
Duvessa is heavily wounded.
Duvessa hits you with a +0 short sword of holy wrath!
* * * LOW HITPOINT WARNING * * *
Duvessa misses you.
You puncture Duvessa!
Duvessa is heavily wounded.
Duvessa misses you.
Duvessa hits you with a +0 short sword of holy wrath.
You die...

#.....# #.#
#..##.#########.##
#..##.......##...##
#..##.#####.#.....#
#...........##...##
#.##..##e#..###.######.
#. #..##...............
#.##..####..###)#######
#.>....@e...# #)#
############# #.# #.#
#)# # ######## #.# #
#......# #.###### #
#.####.#### #.#....# #
#.# #.....# ##.#..#.###
#.###.....###....#.....


You could see Duvessa (berserk).

Vanquished Creatures
  A water moccasin (D:5)
  2 black bears (D:5)
  A phantom (D:5)
  A scorpion (D:5)
  Dowan (D:5)
  3 howler monkeys (D:5)
  2 hounds (D:4)
  2 orc priests
  An iguana (D:5)
  2 sleepcaps
  7 gnolls (D:5)
  5 adders
  A dart slug (D:4)
  14 orcs
  7 ball pythons
  5 endoplasms
  4 giant cockroaches
  6 goblins
  5 hobgoblins
  5 jackals (D:1)
  A quokka (D:2)
  A bat (D:2)
  7 frilled lizards
  3 kobolds
  5 rats
92 creatures vanquished.

Notes
Turn   | Place    | Note
-------+----------+-------------------------------------------
     0 | D:1      | jagang the Human Hunter began the quest for the Orb.
     0 | D:1      | Reached XP level 1. HP: 16/16 MP: 1/1
    10 | D:1      | Noticed a bullfrog
    68 | D:1      | Reached XP level 2. HP: 22/22 MP: 2/2
    82 | D:1      | Reached skill level 1 in Long Blades
   176 | D:1      | Reached XP level 3. HP: 27/27 MP: 3/3
   842 | D:2      | Reached skill level 1 in Armour
  1199 | D:2      | Found a faded altar of an unknown god.
  1460 | D:2      | Reached XP level 4. HP: 34/34 MP: 4/4
  1514 | D:2      | Reached skill level 2 in Long Blades
  2002 | D:3      | Identified the +1 dagger "Idimoah" {heavy, Will++ rCorr
                  | Int-3 Stlth+}
  2060 | D:3      | Reached XP level 5. HP: 29/40 MP: 3/5
  2526 | D:4      | Reached skill level 3 in Long Blades
  2568 | D:4      | Reached XP level 6. HP: 47/47 MP: 6/6
  2994 | D:5      | Entered Level 5 of the Dungeon
  3021 | D:5      | Noticed a water moccasin
  3023 | D:5      | Killed a water moccasin
  3090 | D:5      | Noticed a black bear
  3098 | D:5      | Killed a black bear
  3099 | D:5      | Reached skill level 4 in Long Blades
  3099 | D:5      | Reached XP level 7. HP: 50/52 MP: 5/7
  3654 | D:5      | Reached skill level 5 in Long Blades
  3654 | D:5      | Reached XP level 8. HP: 42/60 MP: 4/8
  4068 | D:5      | Noticed Dowan
  4083 | D:5      | Killed Dowan
  4185 | D:5      | Noticed Duvessa
  4218 | D:5      | HP: 1/61 [Duvessa/+0 short sword of holy wrath (12)]
  4219 | D:5      | Slain by Duvessa

Illustrated notes

Levels and vault maps discovered:
D:1:      evilmike_arrival_come_back, layout_basic
D:2:      layout_basic, ebering_ecumenical_altar_petrified, serial_forest,
          infiniplex_forest_zigzag_1, infiniplex_forest_join,
          infiniplex_forest_lined_room_2, infiniplex_forest_clump_medium,
          infiniplex_forest_corner_1, infiniplex_forest_straight_4,
          infiniplex_forest_lined_3
D:3:      layout_rooms
D:4:      layout_basic
D:5:      layout_loops_corners, uniq_duvessa

Skill      XL: |  1  2  3  4  5  6  7 |
---------------+----------------------+-----
Long Blades    | 1 2 3 4 5 |  5.5
Armour         | 1 2 3 |  3.7
Fighting       | 3 4 |  4.5
Dodging        | 3 4 |  4.4
Ranged Weapons | |  4.0
Stealth        | |  1.0

Action                     |  1- 3 |  4- 6 |  7- 9 || total
---------------------------+-------+-------+-------++-------
  Melee: Falchion          |       |    34 |       ||    34
         Punch             |       |     2 |     1 ||     3
         Dagger            |       |     6 |   151 ||   157
   Fire: Shortbow          |    79 |    69 |    13 ||   161
    Use: Scroll            |       |       |     4 ||     4
         Potion            |       |       |     5 ||     5
   Stab: Sleeping          |       |     2 |     1 ||     3
         Distracted        |       |     1 |       ||     1
 Armour: Leather armour    |     8 |    20 |    26 ||    54
  Dodge: Dodged            |    16 |    64 |   198 ||   278
